 Dungeon Crawl Stone Soup version 0.26.1-2-gb8aa6d0cf2 (webtiles) character file.

Game seed: 9004254267421275565

118 Groucho the Covert (level 4, -1/21 HPs)
             Began as a Spriggan Enchanter on Feb 25, 2021.
             Slain by an orc priest
             ... wielding a cursed +0 dagger
              (2 damage)
             ... on level 3 of the Dungeon.
             The game lasted 00:05:14 (5822 turns).

Groucho the Covert (Spriggan Enchanter)             Turns: 5822, Time: 00:05:14

Health: -1/21      AC:  2    Str:  5    XL:     4   Next: 72%
Magic:  9/9        EV: 18    Int: 16    God:
Gold:   66         SH:  0    Dex: 16    Spells: 2/8 levels left

rFire    . . .     SeeInvis +   a - +1 dagger
rCold    . . .     Faith    .   (shield restricted)
rNeg     . . .     Spirit   .   b - +0 robe
rPois    .         Reflect  .   (helmet restricted)
rElec    .         Harm     .   (no cloak)
rCorr    .         Rampage  .   (gloves unavailable)
Will     .....                  (boots unavailable)
Stlth    ++++......             (no amulet)
HPRegen  0.07/turn              (no ring)
MPRegen  0.11/turn              (no ring)

@: very quick
A: very small, unfitting armour, see invisible, speed 3
a: no special abilities


You were on level 3 of the Dungeon.
You visited 1 branch of the dungeon, and saw 3 of its levels.

You collected 66 gold pieces.

Inventory:

Hand Weapons
 a - a +1 dagger (weapon)
 l - a cursed -3 dagger
Missiles
 c - 80 stones
Armour
 b - a +0 robe (worn)
Scrolls
 d - 2 scrolls of enchant weapon {unknown}
 e - a scroll of magic mapping {unknown}
 h - a scroll of noise {unknown}
 j - 3 scrolls of remove curse {unknown}
 k - 2 scrolls of teleportation {unknown}
 m - a scroll of identify {unknown}
Potions
 f - a potion of invisibility {unknown}
 g - 2 potions of heal wounds
 i - 2 potions of curing {unknown}
 n - a potion of flight {unknown}


   Skills:
 - Level 1.1 Short Blades
 - Level 3.0 Dodging
 * Level 8.6 Stealth
 - Level 2.6 Spellcasting
 - Level 3.6 Hexes


You had 2 spell levels left.
You knew the following spells:

 Your Spells              Type           Power        Failure   Level
a - Corona                Hex            14%          4%          1
b - Ensorcelled Hibernat  Hex/Ice        14%          14%         2
c - Confusing Touch       Hex            13%          13%         3

Your spell library contained the following spells:

 Spells                   Type           Power        Failure   Level
 Tukima's Dance           Hex            13%          13%         3
 Dazzling Flash           Conj/Hex       14%          28%         3
 Gell's Gravitas          Tloc           1%           50%         3
 Petrify                  Tmut/Erth      2%           88%         4
 Metabolic Englaciation   Hex/Ice        3%           95%         5
 Yara's Violent Unravell  Hex/Tmut       3%           95%         5


Dungeon Overview and Level Annotations

Branches:
Dungeon (3/15)

Altars:
Wu Jian


Innate Abilities, Weirdness & Mutations

You are very small and have problems with some larger weapons.
You are too small for most types of armour.
You have supernaturally acute eyesight. (SInv)
You cover ground extremely quickly.


Message History

The orc priest is severely wounded.
The bat barely misses you.
The orc priest hits you with a cursed +0 dagger.
You hit the orc priest.
The orc priest is almost dead.
The bat completely misses you. The orc priest misses you.
You closely miss the orc priest.
The orc priest is almost dead.
The orc priest invokes the aid of Beogh against you.
Beogh smites you!
Ouch! That really hurt!
* * * LOW HITPOINT WARNING * * *
You are too injured to fight recklessly!
You are too injured to fight recklessly!
You are too injured to fight recklessly!
You hit the orc priest but do no damage.
The orc priest is almost dead.
The bat closely misses you.
The orc priest hits you with a cursed +0 dagger.
You die...

## #### ..
... .# .. .#
#.##.#
#..$.######
##.........
#<.@o....#
#=b........
#....#.#)#.
...........
#....###.....
#..... ...#.
####.# #.#
#.# .#


You could see an orc priest and a bat.

Vanquished Creatures
  A howler monkey (D:2)
  2 adders (D:2)
  2 oozes
  A worm (D:2)
  A leopard gecko (D:2)
  4 orcs (D:2)
  3 giant cockroaches (D:1)
  5 goblins
  5 hobgoblins
  6 kobolds
  3 quokkas (D:2)
  A ball python (D:1)
  2 bats
  2 frilled lizards (D:2)
  7 rats
45 creatures vanquished.

Notes
Turn   | Place    | Note
-------+----------+-------------------------------------------
     0 | D:1      | Groucho the Spriggan Enchanter began the quest for the Orb.
     0 | D:1      | Reached XP level 1. HP: 9/9 MP: 5/5
   224 | D:1      | Reached skill level 5 in Stealth
   360 | D:1      | Reached XP level 2. HP: 13/13 MP: 6/6
  1386 | D:1      | Reached skill level 6 in Stealth
  1952 | D:2      | Reached XP level 3. HP: 15/16 MP: 8/8
  2008 | D:2      | Reached skill level 7 in Stealth
  2008 | D:2      | Reached XP level 4. HP: 21/21 MP: 9/9
  2035 | D:2      | Found an ornate altar of the Wu Jian Council.
  2053 | D:2      | Reached skill level 8 in Stealth
  2533 | D:2      | Learned a level 2 spell: Ensorcelled Hibernation
  2537 | D:2      | Learned a level 3 spell: Confusing Touch
  4047 | D:2      | Found a faded altar of an unknown god.
  5821 | D:3      | HP: 1/21 [orc priest/divine providence (13)]
  5822 | D:3      | Slain by an orc priest

Illustrated notes

Levels and vault maps discovered:
D:1:      minmay_arrival_widening_spiral_wide, layout_basic
D:2:      layout_rooms, lemuel_coloured_pillars_altar,
          chequers_ecumenical_altar_lobes, minmay_ruptured
D:3:      layout_basic, old_standard_altar, old_standard_altar,
          lemuel_round_altar, guppyfry_early_lair_pool

Skill      XL: |  1  2  3  4 |
---------------+-------------+-----
Stealth        | 5 6 7 8 |  8.6
Short Blades   | |  1.1
Dodging        | |  3.0
Spellcasting   | |  2.6
Hexes          | |  3.6

Action                   |  1- 3 |  4- 6 || total
-------------------------+-------+-------++-------
Melee: Dagger            |    99 |   134 ||   233
 Cast: Ensorcelled Hiber |       |     4 ||     4
  Use: Potion            |       |     1 ||     1
 Stab: Sleeping          |     9 |     7 ||    16
       Distracted        |     1 |       ||     1
Armor: Robe              |     6 |     2 ||     8
Dodge: Dodged            |    65 |    95 ||   160
